 Dungeon Crawl Stone Soup version 0.17-a0-1763-g847a857 (webtiles) character file.

128 Crag the Insei (level 5, -1/44 HPs)
             Began as a Naga Transmuter on Sept 5, 2015.
             Was a Believer of Cheibriados.
             Slain by a water moccasin (6 damage)
             ... on level 3 of the Dungeon.
             The game lasted 00:15:02 (2669 turns).

Crag the Insei (Naga Transmuter)                    Turns: 2669, Time: 00:15:02

Health: -1/44      AC:  3    Str: 16    XL:     5   Next: 12%
Magic:  7/8        EV: 10    Int: 18    God:    Cheibriados [**....]
Gold:   103        SH:  0    Dex: 16    Spells: 2 memorised, 4 levels left

rFire  . . .     SeeInvis +       - Unarmed
rCold  . . .     Clarity  .     b - +0 robe
rNeg   . . .     SustAt   .     (no shield)
rPois  +         Gourm    .     (no helmet)
rElec  .         Spirit   .     (no cloak)
rCorr  .         Warding  .     r - +0 pair of gloves
rMut   .         Stasis   .     (no barding)
MR     .....                    (no amulet)
Stlth  +.........               (no ring)
                                l - ring of see invisible

@: appendage, very slightly contaminated, very slow, not resistant to hostile
enchantments, very unstealthy
A: horns 2, see invisible, deformed body, poison resistance, slowness 2, slow
metabolism 1, spit poison 2, AC +1
a: Spit Poison, End Transformation, Bend Time, Renounce Religion


You were on level 3 of the Dungeon.
You worshipped Cheibriados.
Cheibriados was pleased with you.
You were hungry.
You had grown temporary horns.
You visited 1 branch of the dungeon, and saw 3 of its levels.

You collected 103 gold pieces.

Inventory:

Hand weapons
 m - a +0 blowgun
Missiles
 a - 36 arrows
 s - 18 poisoned needles
 t - 6 poisoned javelins (quivered)
Armour
 b - a +0 robe (worn)
 r - a +0 pair of gloves (worn)
Jewellery
 g - an uncursed amulet of rage
 l - a ring of see invisible (left hand)
Scrolls
 e - a scroll of amnesia {unknown}
 f - 3 scrolls of identify {unknown}
 i - 2 scrolls of remove curse {unknown}
 j - 2 scrolls of teleportation {unknown}
 k - a scroll of fear {unknown}
 o - 2 scrolls of random uselessness {unknown}
 q - a scroll of immolation {unknown}
 v - a scroll of enchant weapon {unknown}
Potions
 n - a potion of curing {unknown}
Books
 c - a book of Changes

   Spells                             Type                      Level
   a - Beastly Appendage              Transmutation                1
   b - Sticks to Snakes               Transmutation                2
   c - Spider Form                    Transmutation/Poison         3
   d - Ice Form                       Ice/Transmutation            4
   e - Blade Hands                    Transmutation                5
Comestibles
 d - 2 bread rations
 h - a beef jerky
 p - 3 fruits


   Skills:
 - Level 1.0 Fighting
 - Level 1.5 Dodging
 + Level 4.8 Unarmed Combat
 - Level 2.0 Spellcasting
 - Level 3.4 Transmutations


You had 4 spell levels left.
You knew the following spells:

 Your Spells              Type           Power        Failure   Level  Hunger
a - Beastly Appendage     Trmt           ##....       6%          1    #......
b - Spider Form           Trmt/Pois      #.........   30%         3    ###....


Dungeon Overview and Level Annotations

Branches:
Dungeon (3/15)

Altars:
Cheibriados
Yredelemnul


Innate Abilities, Weirdness & Mutations

You cannot wear boots.
Your serpentine skin is tough (AC +1).
You have supernaturally acute eyesight.
Armour fits poorly on your strangely shaped body.
Your system is resistant to poisons.
You cover ground very slowly.
You have a slow metabolism.
You can spit poison.
You have a pair of horns on your head.


Message History

* * * LOW HITPOINT WARNING * * *
You closely miss the water moccasin.
Your headbutt misses the water moccasin.
The water moccasin is moderately wounded.
The water moccasin bites you.
* * * LOW HITPOINT WARNING * * *
You hit the water moccasin.
The water moccasin is heavily wounded.
The water moccasin bites you but does no damage.
You hit the water moccasin.
The water moccasin is severely wounded.
The water moccasin barely misses you.
You closely miss the water moccasin.
The water moccasin is severely wounded.
The water moccasin barely misses you. x2
You barely miss the water moccasin.
You headbutt the water moccasin, but do no damage.
The water moccasin is severely wounded.
The water moccasin bites you.
You die...

# #
##### #
#.S@# #
#.#.# #
# #.# #
#.# #
#.# #
#.#####
#
#.....#
#
#.#.###
###.#


You could see a water moccasin.

Vanquished Creatures
  A crimson imp (D:3)
  3 adders
  5 worms
  2 giant geckos
  2 orcs (D:3)
  7 bats
  2 giant cockroaches (D:1)
  4 hobgoblins
  3 giant newts
  7 goblins
  A jackal zombie (D:3)
  9 kobolds
  A quokka (D:3)
  13 rats
  A spectral orc (D:2)
61 creatures vanquished.

Notes
Turn   | Place    | Note
--------------------------------------------------------------
     0 | D:1      | Crag the Naga Transmuter began the quest for the Orb.
     0 | D:1      | Reached XP level 1. HP: 18/18 MP: 3/3
   267 | D:1      | Reached XP level 2. HP: 25/25 MP: 5/5
   660 | D:1      | Found a snail-covered altar of Cheibriados.
   676 | D:1      | Became a worshipper of Cheibriados the Contemplative
   917 | D:1      | Reached XP level 3. HP: 28/31 MP: 4/6
  1471 | D:2      | Acquired Cheibriados's first power
  1681 | D:2      | Found a basalt altar of Yredelemnul.
  1846 | D:3      | Reached skill level 4 in Unarmed Combat
  1846 | D:3      | Reached XP level 4. HP: 38/38 MP: 5/7
  2143 | D:3      | Reached XP level 5. HP: 34/44 MP: 6/8
  2480 | D:3      | Learned a level 3 spell: Spider Form
  2655 | D:3      | Noticed a water moccasin
  2669 | D:3      | Slain by a water moccasin

Vault maps used:
D:1:      evilmike_arrival_sounds_zot, cheibriados_altar_1
D:2:      yredelemnul_forgotten_temple_becter
D:3:      kennysheep_generic_room_9

Action                   |  1- 3 |  4- 6 || total
-------------------------+-------+-------++-------
Melee: Unarmed           |   104 |    38 ||   142
Throw: Javelin           |       |     2 ||     2
 Cast: Beastly Appendage |    22 |     7 ||    29
 Abil: Spit Poison       |    25 |     7 ||    32
 Stab: Sleeping          |       |     1 ||     1
  Eat: Chunk             |     3 |     2 ||     5
